 Dungeon Crawl Stone Soup version 0.24.0-2-g5b39cebb1c (webtiles) character file.

Game seed: 11927141301190310725, levelgen mode: deterministic

195308 Curus the Slayer (level 18, -5/274 HPs)
             Began as a Minotaur Berserker on Oct 30, 2019.
             Was the Champion of Trog.
             Slain by a seven-headed hydra (6 damage)
             ... on level 3 of the Swamp on Oct 31, 2019.
             The game lasted 03:14:55 (28853 turns).

Curus the Slayer (Minotaur Berserker)              Turns: 28853, Time: 03:14:56

Health: -5/274     AC: 36    Str: 29    XL:     18   Next: 12%
Magic:  24/24      EV:  8    Int:  7    God:    Trog [******]
Gold:   1465       SH: 15    Dex: 20    Spells: 17/17 levels left

rFire    + + .     SeeInvis .   V - +3 demon whip (slash)
rCold    . . .     Gourm    .   w - +2 shield
rNeg     . . .     Faith    .   R - +5 plate armour {rPois}
rPois    +         Spirit   .   C - +0 hat
rElec    .         Reflect  .   r - +0 cloak
rCorr    .         Harm     .   m - +1 pair of gloves {Dex+3}
MR       +....                  e - +2 pair of boots {run}
Stlth    ..........             X - amulet of regeneration
HPRegen  0.95/turn              Z - ring "Izeg" {rPois rF+ Dex+4}
MPRegen  0.19/turn              d - +4 ring of protection

@: berserking, lethally poisoned (-5 -> -5), slowed, heavily drained, quick
A: retaliatory headbutt, horns 2, fire resistance 1, wild magic 1
a: Berserk, Trog's Hand, Brothers in Arms, Renounce Religion


You were on level 3 of the Swamp.
You worshipped Trog.
Trog was exalted by your worship.
You were not hungry.

You visited 5 branches of the dungeon, and saw 30 of its levels.
You visited the Abyss 1 time.
You also visited: Bailey and Ice Cave.

You collected 3525 gold pieces.
You spent 2060 gold pieces at shops.

Inventory:

Hand Weapons
 V - a +3 demon whip of slashing (weapon)
Armour
 e - a +2 pair of boots of running (worn)
 m - a +1 pair of gloves of dexterity (worn)
 r - a +0 cloak (worn)
 w - a +2 shield (worn)
 C - a +0 hat (worn)
 R - a +5 plate armour of poison resistance (worn)
Jewellery
 b - an uncursed ring of ice
 d - a +4 ring of protection (right hand)
 l - an uncursed ring of magical power
 n - an uncursed amulet of guardian spirit
 q - an uncursed ring of magical power
 y - an uncursed ring of magical power
 E - an uncursed ring of ice
 I - an uncursed ring of stealth
 P - an uncursed ring of protection from magic
 Q - an uncursed ring of flight
 W - a cursed ring of teleportation
 X - an amulet of regeneration (around neck)
 Z - the ring "Izeg" (left hand) {rPois rF+ Dex+4}
   (You found it on level 2 of the Abyss)

   [ring of poison resistance]

   It affects your dexterity (+4).
   It protects you from fire.
   It protects you from poison.
Wands
 g - a wand of acid (6)
 h - a wand of enslavement (9)
 k - a wand of iceblast (5)
 u - a wand of random effects (36)
 x - a wand of clouds (5)
 D - a wand of scattershot (14)
 H - a wand of paralysis (11)
 N - a wand of flame (20)
 O - a wand of polymorph (29)
 S - a wand of digging (8)
 U - a wand of disintegration (32)
Scrolls
 f - 13 scrolls of remove curse
 i - 19 scrolls of teleportation
 j - 29 scrolls of identify
 t - 5 scrolls of fog
 A - 2 scrolls of blinking
 B - a scroll of acquirement
 F - a scroll of brand weapon
 J - 6 scrolls of fear
 K - 3 scrolls of magic mapping
Potions
 a - 2 potions of cancellation
 o - 9 potions of curing
 p - 3 potions of invisibility
 s - 8 potions of haste
 v - 2 potions of heal wounds
 z - 2 potions of flight
 G - 2 potions of resistance
 L - 4 potions of berserk rage
 M - a potion of brilliance
 Y - 2 potions of might
Comestibles
 c - 33 rations


   Skills:
 + Level 21.6(19.5) Fighting
 - Level 15.8(14.0) Maces & Flails
 + Level 21.5(19.4) Armour
 - Level 2.1(0.8) Dodging
 - Level 10.0(8.4) Shields
 - Level 9.7(8.1) Evocations


You had 17 spell levels left.
You didn't know any spells.
Your spell library was empty.

Dungeon Overview and Level Annotations

Branches:
Dungeon (15/15)            Temple (0/1) D:7            Lair (6/6) D:9
  Swamp (4/4) Lair:3        Snake (3/4) Lair:2        Slime (0/5) Lair:6
    Orc (2/2) D:10            Elf (0/3) Orc:2        Vaults (0/5) D:14
 Depths (0/5) D:15         Bailey (visited)           IceCv (visited)

Altars:
Cheibriados
Dithmenos
Elyvilon
Hepliaklqana
Okawaru
Ru
Zin

Shops:
D:8 (   Orc:2 [%(=   Snake:2 [

Portals:
Trove: D:11 (give +5 ice dragon scales)

Annotations:
Swamp:4 2 transporters, demivan's ghost, adept DDFi


Innate Abilities, Weirdness & Mutations

You reflexively headbutt those who attack you in melee.
You have a pair of horns on your head.
Your flesh is heat resistant. (rF+)
Your spells are a little harder to cast, but a little more powerful.


Message History

The six-headed hydra closely misses you.
The six-headed hydra bites you but does no damage.
The six-headed hydra misses you.
The six-headed hydra bites you but does no damage. x2
You thrash the swamp dragon!!
You kill the swamp dragon!
Trog accepts your kill.
You feel sick.
The eight-headed hydra bites you but does no damage.
The eight-headed hydra bites you.
* * * LOW HITPOINT WARNING * * *
You block the eight-headed hydra's attack.
The eight-headed hydra bites you!
* * * LOW HITPOINT WARNING * * *
The eight-headed hydra bites you but does no damage. x2
You block the eight-headed hydra's attack. x2
The seven-headed hydra bites you!
* * * LOW HITPOINT WARNING * * *
The seven-headed hydra bites you.
You die...

♣..≈. ♣♣.≈.. ♣.≈..≈ ♣♣♣♣♣♣
♣♣.≈≈. ♣♣♣♣♣♣♣≈...♣♣ ♣..≈.≈
♣♣≈≈.≈..≈≈≈≈≈♣ ♣♣§§≈..
♣.≈≈D≈≈≈≈≈≈≈≈♣ ♣.≈.♣..
♣♣♣D>D≈≈≈≈≈.♣♣ ♣♣..♣..
♣≈†@.≈≈≈≈.♣♣♣♣♣.....
♣♣≈>..≈≈...♣♣..≈.#..
♣♣♣♣♣≈≈.≈≈.≈.....≈.##.
♣♣.♣♣♣♣♣≈..≈≈....♣♣....
♣♣...♣≈♣♣♣≈.≈≈..≈..♣♣.§.
♣♣♣♣≈.≈.≈.≈♣...≈≈..≈≈≈≈♣≈≈≈
♣♣.♣≈.≈.≈..♣..♣♣≈≈..≈≈≈.....
♣♣.≈.≈≈.....♣≈♣..≈...≈≈....≈≈
♣...≈.......≈.≈.≈≈≈≈≈≈.≈.♣.♣♣


You could see an eight-headed hydra, a seven-headed hydra and a six-headed
hydra.

Vanquished Creatures
  Jorgrun (Orc:1)
  An Ice Fiend (IceCv)
  Rupert (D:12)
  The ghost of vinnietd the Tortoise, an adept HaFi of Trog (Snake:3)
  2 tentacled starspawn (Abyss:2)
  Gastronok (D:12)
  A draconian monk (Abyss:2)
  3 thorn hunters
  A nagaraja (Snake:3)
  Roxanne (D:15)
  Louise (Swamp:2)
  Aizul (Snake:1)
  A very ugly thing (Swamp:3)
  Azrael (D:13)
  Snorg (D:10)
  Josephine (D:13)
  3 fire dragons
  14 hydras
  9 naga warriors
  2 shambling mangroves
  Fannar (D:11)
  16 alligators
  A ghost crab (Swamp:3)
  4 anacondas
  4 centaur warriors
  2 dancing weapons (D:14)
  4 tengu warriors (D:15)
  An ogre mage (D:15)
  2 catoblepae (Lair:6)
  7 two-headed ogres
  Urug (D:13)
  A vampire mage (D:15)
  4 orc high priests (Orc:2)
  6 naga sharpshooters
  4 shock serpents
  2 death yaks (Lair:6)
  Sonja (D:13)
  The ghost of VPR the Cleaver, a novice MiBe of Trog (D:8)
  7 slime creatures
  2 thrashing horrors (Abyss:2)
  Nergalle (Lair:1)
  6 skeletal warriors
  An unseen horror (D:14)
  10 swamp dragons
  2 salamander mystics (Snake:3)
  Pikel (D:8)
  A necromancer (D:15)
  6 orc knights
  4 naga ritualists
  2 lindwurms (Lair:6)
  A tengu zombie (D:15)
  2 fire giant zombies (D:15)
  20 ugly things
  A large abomination (Abyss:2)
  2 deep elf magi
  9 mana vipers
  An orc sorcerer (Orc:2)
  A stone giant zombie (D:15)
  An iron dragon skeleton (Abyss:2)
  3 manticores
  4 cyclopes
  9 salamanders
  6 elephants (Lair:5)
  22 black mambas
  Joseph (D:8)
  3 guardian serpents
  11 naga magi
  2 smoke demons (Abyss:2)
  An ice statue (Lair:2)
  A torpor snail (Lair:6)
  13 spiny frogs
  3 gargoyles
  A silent spectre (Abyss:2)
  4 rime drakes
  3 kobold demonologists
  2 anaconda simulacra (IceCv)
  9 komodo dragons
  7 freezing wraiths
  7 ice devils
  An ancient zyme (Abyss:2)
  3 golden dragon simulacra (IceCv)
  A guardian mummy (D:11)
  3 tengu conjurers
  3 polar bears (Lair:2)
  6 hornets
  6 trolls
  9 tyrant leeches
  3 meliai (D:15)
  9 hippogriffs
  15 blink frogs
  Grinder (D:3)
  7 bog bodies
  2 dream sheep (Lair:6)
  A flying skull (Abyss:2)
  25 yaks
  3 wyverns (D:15)
  A dire elephant simulacrum (IceCv)
  A vampire (D:12)
  4 basilisks
  4 wraiths
  3 hungry ghosts
  4 shadows
  Grum (D:8)
  3 fire elementals (D:13)
  28 vampire mosquitoes
  A chaos spawn (Abyss:2)
  A steam dragon (Lair:6)
  A neqoxec (Abyss:2)
  5 wargs
  3 insubstantial wisps (Swamp:3)
  An iron troll simulacrum (IceCv)
  4 harpy simulacra (IceCv)
  37 nagas
  11 water moccasins
  5 acid dragons
  3 hell hounds (D:13)
  13 swamp worms
  4 hydra simulacra (IceCv)
  13 porcupines
  A soldier ant (D:14)
  12 swamp drakes
  33 orc warriors
  11 ice beasts
  3 eyes of draining
  2 slaves (D:8)
  2 phantoms
  2 black bears
  6 sky beasts
  4 wolves
  3 necrophages
  11 ogres
  13 centaurs
  13 crocodiles
  5 big kobolds
  3 gnoll sergeants
  2 jellies
  A wyvern zombie (D:10)
  22 bullfrogs
  7 scorpions
  2 water moccasin skeletons
  9 killer bees
  18 wights
  2 howler monkeys (D:6)
  9 electric eels
  6 crimson imps
  3 draconian simulacra (IceCv)
  6 starcursed masses (Abyss:2)
  2 quasits
  10 hounds
  29 orc priests
  23 orc wizards
  6 centaur skeletons
  2 bullfrog skeletons
  5 iguanas
  A spriggan simulacrum (IceCv)
  2 polar bear simulacra (IceCv)
  2 troll simulacra (IceCv)
  8 worker ants
  A centaur simulacrum (IceCv)
  2 hound zombies
  23 gnolls
  2 ogre simulacra (IceCv)
  13 adders
  A naga simulacrum (IceCv)
  4 shadow imps
  5 white imps
  6 ufetubi (IceCv)
  3 oozes
  2 adder skeletons (D:8)
  An adder zombie (D:8)
  2 worms (D:2)
  2 dart slugs (D:1)
  5 leopard geckos
  117 orcs
  8 giant cockroaches
  9 goblins
  11 hobgoblins
  7 jackals
  5 quokkas
  4 ball pythons
  5 bats
  6 frilled lizards
  21 kobolds
  A quokka skeleton (D:6)
  9 rats
  A starspawn tentacle (Abyss:2)
1128 creatures vanquished.

Vanquished Creatures (collateral kills)
  A death yak (Lair:6)
  A manticore (Lair:6)
  2 elephants (Lair:6)
  A rime drake (Lair:6)
  3 blink frogs (Lair:6)
  A hippogriff (Lair:6)
  A water moccasin (Lair:6)
  2 orc warriors (Orc:2)
  A crocodile (Lair:6)
  A draconian simulacrum (IceCv)
  An orc priest (Orc:2)
  An ufetubus (IceCv)
  An orc (Orc:2)
17 creatures vanquished.

Vanquished Creatures (others)
  Nessos (D:13)
  An orc high priest (Orc:2)
  A shadow (D:13)
  A wight (D:13)
  A jelly (D:13)
  An adder (D:11)
  An orc (D:8)
  4 briar patches (Swamp:3)
  3 fungi (Swamp:4)
  5 plants
  6 starspawn tentacles (Abyss:2)
  13 withered plants (D:15)
38 creatures vanquished.

Grand Total: 1183 creatures vanquished

Notes
Turn   | Place    | Note
-------+----------+-------------------------------------------
     0 | D:1      | Curus the Minotaur Berserker began the quest for the Orb.
     0 | D:1      | Reached XP level 1. HP: 19/19 MP: 0/0
    31 | D:1      | Reached XP level 2. HP: 23/26 MP: 1/1
   241 | D:1      | Reached skill level 5 in Maces & Flails
   298 | D:1      | Reached XP level 3. HP: 22/31 MP: 2/2
   343 | D:1      | Reached ** piety under Trog
   621 | D:2      | Reached XP level 4. HP: 28/39 MP: 3/3
  1419 | D:3      | Reached XP level 5. HP: 45/45 MP: 4/4
  1470 | D:3      | Noticed Grinder
  1485 | D:3      | Killed Grinder
  1485 | D:3      | Reached XP level 6. HP: 39/51 MP: 5/5
  1614 | D:3      | Reached *** piety under Trog
  1664 | D:3      | Found a glowing silver altar of Zin.
  1669 | D:3      | Found a hazy altar of Hepliaklqana.
  2128 | D:4      | You fall into a shaft and drop 1 floor!
  2128 | D:5      | Entered Level 5 of the Dungeon
  2554 | D:5      | Reached XP level 7. HP: 57/57 MP: 6/6
  3088 | D:6      | Reached skill level 10 in Maces & Flails
  3204 | D:6      | Reached **** piety under Trog
  3207 | D:6      | Reached XP level 8. HP: 49/64 MP: 7/7
  3554 | D:7      | Found a staircase to the Ecumenical Temple.
  3706 | D:7      | Noticed a hippogriff
  3717 | D:7      | Killed a hippogriff
  3736 | D:7      | Reached XP level 9. HP: 54/70 MP: 8/8
  4236 | D:8      | Noticed Grum
  4251 | D:8      | Killed Grum
  4251 | D:8      | Reached skill level 5 in Fighting
  4276 | D:8      | Found a large runed translucent door.
  4277 | D:8      | Found a large runed translucent door.
  4279 | D:8      | Noticed VPR's ghost (novice MiBe)
  4371 | D:8      | Noticed Joseph
  4387 | D:8      | Killed Joseph
  4387 | D:8      | Reached skill level 5 in Armour
  4534 | D:8      | Noticed Pikel
  4535 | D:8      | Found a white marble altar of Elyvilon.
  4546 | D:8      | Killed Pikel
  4546 | D:8      | Reached XP level 10. HP: 63/88 MP: 9/9
  4587 | D:8      | Found Wautotarch's Antique Weapon Shop.
  4898 | D:8      | Killed VPR's ghost
  4956 | D:9      | Found a staircase to the Lair.
  4964 | D:9      | Reached ***** piety under Trog
  5255 | D:9      | Reached skill level 10 in Fighting
  5533 | D:9      | Found a sacrificial altar of Ru.
  5535 | D:9      | Found a snail-covered altar of Cheibriados.
  5662 | D:9      | Found a flagged portal.
  5676 | Bailey   | Entered a bailey
  5687 | Bailey   | Noticed an orc knight
  5691 | Bailey   | Reached skill level 10 in Armour
  5703 | Bailey   | Killed an orc knight
  5862 | D:9      | Reached XP level 11. HP: 70/101 MP: 10/10
  5972 | Lair:1   | Entered Level 1 of the Lair of Beasts
  6003 | Lair:1   | Reached skill level 1 in Shields
  6006 | Lair:1   | Reached skill level 1 in Evocations
  6577 | Lair:1   | Noticed Nergalle
  6590 | Lair:1   | Killed Nergalle
  6590 | Lair:1   | Received a gift from Trog
  7100 | Lair:2   | Found a staircase to the Snake Pit.
  7335 | Lair:2   | Noticed a six-headed hydra
  7338 | Lair:2   | Killed a six-headed hydra
  7972 | Lair:3   | Found a staircase to the Swamp.
  8037 | Lair:3   | Reached XP level 12. HP: 112/112 MP: 14/14
  9901 | Lair:5   | Noticed a four-headed hydra
  9911 | Lair:5   | Killed a four-headed hydra
 10528 | Lair:6   | Entered Level 6 of the Lair of Beasts
 10634 | Lair:6   | Noticed a catoblepas
 10644 | Lair:6   | Killed a catoblepas
 10686 | Lair:6   | Noticed a seven-headed hydra
 10694 | Lair:6   | Killed a seven-headed hydra
 10694 | Lair:6   | Reached XP level 13. HP: 67/125 MP: 15/15
 11304 | Lair:6   | Received a gift from Trog
 11320 | Lair:6   | Noticed a fire dragon
 11333 | Lair:6   | HP: 4/125 [blink frog (11)]
 11708 | Lair:6   | Found a staircase to the Slime Pits.
 11920 | Lair:6   | Reached skill level 15 in Fighting
 11986 | Lair:6   | Reached skill level 15 in Armour
 12510 | Lair:6   | Killed a fire dragon
 12844 | D:10     | Entered Level 10 of the Dungeon
 13049 | D:10     | Found a staircase to the Orcish Mines.
 13114 | Orc:1    | Entered Level 1 of the Orcish Mines
 13204 | Orc:2    | Entered Level 2 of the Orcish Mines
 13249 | Orc:2    | Reached skill level 5 in Evocations
 13432 | Orc:1    | Noticed Jorgrun
 13455 | Orc:1    | Killed Jorgrun
 13455 | Orc:1    | Reached skill level 15 in Maces & Flails
 13484 | Orc:1    | Received a gift from Trog
 13610 | Orc:1    | Found an iron altar of Okawaru.
 14374 | Orc:2    | Reached XP level 14. HP: 120/136 MP: 17/17
 14393 | Orc:2    | Found a staircase to the Elven Halls.
 14547 | Orc:2    | HP: 6/136 [sun demon[an orc high priest] (12)]
 14834 | Orc:2    | Found Xecwalek's Armour Shop.
 14837 | Orc:2    | Found Histebei's Antique Weapon Boutique.
 14838 | Orc:2    | Found Nael's Jewellery Shop.
 14839 | Orc:2    | Found Noludan's Food Shop.
 14842 | Orc:2    | Bought a +2 plate armour of poison resistance for 444 gold
                  | pieces
 14855 | Orc:2    | Bought a glowing demon whip for 414 gold pieces
 14859 | Orc:2    | Bought a cursed ring of teleportation for 58 gold pieces
 14859 | Orc:2    | Bought an uncursed amulet of regeneration for 390 gold
                  | pieces
 15366 | D:10     | Paralysed by a hornet for 2 turns
 15387 | D:10     | Received a gift from Trog
 15462 | D:10     | Reached skill level 5 in Shields
 15564 | D:10     | Noticed Snorg
 15572 | D:10     | Killed Snorg
 16159 | D:11     | Noticed Fannar
 16180 | D:11     | Killed Fannar
 16186 | D:11     | Gained mutation: Your flesh is heat resistant. (rF+)
                  | [potion of mutation]
 16186 | D:11     | Gained mutation: Your spells are a little harder to cast,
                  | but a little more powerful. [potion of mutation]
 16586 | D:11     | Received a gift from Trog
 16616 | D:11     | Identified Daonikhli's Guide on the Captivating Escort
 16776 | D:11     | Found a portal to a secret trove of treasure.
 17046 | D:12     | Noticed Rupert
 17071 | D:12     | Killed Rupert
 17351 | D:12     | Noticed Gastronok
 17369 | D:12     | Killed Gastronok
 17989 | D:13     | Noticed Azrael
 18042 | D:13     | Killed Azrael
 18042 | D:13     | Reached ****** piety under Trog
 18122 | D:13     | Received a gift from Trog
 18122 | D:13     | Reached XP level 15. HP: 141/143 MP: 7/21
 18161 | D:13     | Noticed Josephine
 18168 | D:13     | Reached skill level 10 in Shields
 18175 | D:13     | Killed Josephine
 18249 | D:13     | Noticed Nessos
 18253 | D:13     | Noticed Sonja
 18259 | D:13     | Killed Nessos
 18551 | D:13     | Killed Sonja
 18568 | D:13     | Noticed Urug
 18583 | D:13     | Killed Urug
 19109 | D:14     | Found a gate to the Vaults.
 19140 | D:14     | Identified a scroll of acquirement
 19152 | D:14     | Identified a +2 pair of boots of running (You acquired it
                  | on level 14 of the Dungeon)
 19629 | D:15     | Entered Level 15 of the Dungeon
 19780 | D:15     | Found a staircase to the Depths.
 19982 | D:15     | Received a gift from Trog
 20137 | D:15     | Found a shadowy altar of Dithmenos.
 20374 | D:15     | Noticed Roxanne
 20395 | D:15     | Killed Roxanne
 20538 | D:15     | Reached XP level 16. HP: 140/157 MP: 7/22
 21010 | Swamp:1  | Entered Level 1 of the Swamp
 21226 | Swamp:1  | Found a frozen archway.
 21235 | IceCv    | Entered an ice cave
 21316 | IceCv    | Received a gift from Trog
 21659 | IceCv    | Noticed an Ice Fiend
 21703 | IceCv    | Killed an Ice Fiend
 22734 | Swamp:2  | Received a gift from Trog
 22856 | Swamp:2  | Noticed a thorn hunter
 22878 | Swamp:2  | Killed a thorn hunter
 23286 | Swamp:2  | Noticed Louise
 23314 | Swamp:2  | Cast into level 2 of the Abyss (Louise)
 23660 | Abyss:2  | Noticed a tentacled starspawn
 23670 | Abyss:2  | Killed a tentacled starspawn
 23689 | Abyss:2  | Got a steaming jade ring
 23691 | Abyss:2  | Identified the ring "Izeg" {rPois rF+ Dex+4} (You found it
                  | on level 2 of the Abyss)
 23692 | Abyss:2  | Noticed a tentacled starspawn
 23714 | Abyss:2  | Killed a tentacled starspawn
 23750 | Swamp:2  | Escaped the Abyss
 23791 | Swamp:2  | Killed Louise
 24088 | Swamp:3  | Noticed a thorn hunter
 24121 | Swamp:3  | Killed a thorn hunter
 24185 | Swamp:3  | Noticed a thorn hunter
 24217 | Swamp:3  | Killed a thorn hunter
 24416 | Swamp:3  | Reached XP level 17. HP: 170/170 MP: 23/23
 24586 | Swamp:3  | Received a gift from Trog
 25251 | Swamp:4  | Entered Level 4 of the Swamp
 25463 | Snake:1  | Entered Level 1 of the Snake Pit
 25864 | Snake:1  | Noticed Aizul
 25892 | Snake:1  | Killed Aizul
 26523 | Snake:2  | Found Otoler's Antique Armour Shop.
 26534 | Snake:2  | Bought a runed plate armour for 754 gold pieces
 26715 | Snake:2  | Received a gift from Trog
 26716 | Snake:2  | Got an ancient bardiche {god gift}
 27480 | Snake:3  | Received a gift from Trog
 27763 | Snake:3  | Reached XP level 18. HP: 155/182 MP: 24/24
 27942 | Snake:3  | Found a runed translucent door.
 27945 | Snake:3  | Noticed vinnietd's ghost (adept HaFi)
 27985 | Snake:3  | Killed vinnietd's ghost
 28714 | Swamp:4  | Found a transporter.
 28714 | Swamp:4  | Noticed demivan's ghost (adept DDFi)
 28729 | Swamp:4  | Found a transporter.
 28852 | Swamp:3  | HP: 9/274 [eight-headed hydra (10)]
 28853 | Swamp:3  | HP: 1/274 [seven-headed hydra (9)]
 28853 | Swamp:3  | Slain by a seven-headed hydra

Levels and vault maps discovered:
D:1:      minmay_arrival_four_houses, layout_loops_ring, minmay_small_reverse_x
D:2:      layout_rooms, first_ration, serial_bayou_crossing
D:3:      layout_loops_ring, grunt_temple_overflow_open, st_stairs_13,
          uniq_grinder
D:4:      layout_rooms
D:5:      layout_basic
D:6:      layout_cave_pools
D:7:      layout_cave_pools, minmay_temple_entry_stoned_glass,
          nrook_pool_corridor
D:8:      layout_loops_ring, ebering_ghost_disaster_area, serial_shops,
          shop_statue, basic_altar, uniq_pikel, uniq_joseph, uniq_grum
D:9:      layout_irregular_city, minitemple, erik_lair_orcish_takeover,
          enter_bailey_3
D:10:     layout_basic, hiddenorc2_lemuel, uniq_snorg
D:11:     dragon1_lemuel, layout_stronghold, nicolae_trove_entry_path_of_doom,
          uniq_fannar
D:12:     layout_basic, uniq_gastronok, uniq_rupert
D:13:     layout_long_grid, uniq_azrael, uniq_urug, uniq_sonja, uniq_nessos,
          uniq_josephine
D:14:     layout_roguey, erik_vaults_1, hex_tiny
D:15:     gammafunk_depths_entry_grave, layout_loops_ring,
          grunt_dithmenos_smoke_and_mirrors, uniq_roxanne
Lair:1:   layout_hall_layers, uniq_nergalle
Lair:2:   layout_regular_city, minmay_snake_entry_guardpost_small, ice2_lemuel
Lair:3:   layout_loops_ring, swamp_mist, grunt_megastairs_2
Lair:4:   layout_layer_cave, infiniplex_staircase_pool
Lair:5:   layout_regular_city
Lair:6:   guppyfry_lair_end_dragon, layout_gridlike, hangedman_lair_in_review,
          slime_dummy, lemuel_fruit_tree
Swamp:1:  layout_basic_swamp, portal_ice_cave_entry_pillars_three,
          evilmike_swamp_ruin_house_4, swamp_pool1
Swamp:2:  layout_basic_swamp, evilmike_swamp_ruin_house_1, swamp_pool4,
          uniq_louise
Swamp:3:  layout_basic_swamp, serial_swamp_ruin, evilmike_swamp_ruin_house_2,
          evilmike_swamp_ruin_rubble_1, evilmike_swamp_ruin_rubble_2,
          swamp_pool4, infiniplex_staircase_pool_2
Swamp:4:  grunt_swamp_rune_castle, layout_basic_swamp,
          gammafunk_ghost_berserking_beasts
Snake:1:  layout_misc_corridors, grunt_ministairs_8, grunt_megastairs_4,
          uniq_aizul
Snake:2:  layout_misc_corridors, serial_shops, shop
Snake:3:  layout_layer_cave, ebering_ghost_inner_flame, grunt_megastairs_1
Orc:1:    layout_diamond_mine, okawaru_metal_pillars_3, uniq_jorgrun
Orc:2:    st_orc_pillars, layout_diamond_mine, special_room

Skill      XL: |  1  2  3  4  5  6  7  8  9 10 11 12 13 14 15 16 17 |
---------------+----------------------------------------------------+-----
Maces & Flails | 4 5 6 8 9 11 13 14 15 | 15.8
Fighting       | 7 10 12 14 15 17 19 21 | 21.6
Armour         | 7 10 11 14 15 17 19 21 | 21.5
Shields        | 4 9 10 | 10.0
Evocations     | 4 6 9 |  9.7
Dodging        | |  2.1

Action                   |  1- 3 |  4- 6 |  7- 9 | 10-12 | 13-15 | 16-18 || total
-------------------------+-------+-------+-------+-------+-------+-------++-------
Melee: Mace              |    85 |   118 |    39 |       |       |       ||   242
       Headbutt          |     7 |    16 |    72 |   180 |   510 |   440 ||  1225
       Flail             |       |       |   304 |   575 |       |       ||   879
       Morningstar       |       |       |       |   196 |   657 |       ||   853
       Demon whip        |       |       |       |       |  1466 |  1603 ||  3069
Invok: Trog's Hand       |       |     1 |       |     2 |     6 |     2 ||    11
       Berserk           |       |       |     3 |     4 |    16 |     7 ||    30
       Brothers in Arms  |       |       |       |       |     3 |     1 ||     4
 Abil: Evoke Flight      |       |       |       |       |       |     1 ||     1
Evoke: Wand              |       |       |     1 |     6 |     4 |     1 ||    12
  Use: Scroll            |     3 |     6 |     1 |    12 |    11 |     3 ||    36
       Potion            |     3 |     4 |       |     4 |    10 |     4 ||    25
 Stab: Sleeping          |     1 |       |       |       |     1 |       ||     2
       Petrified         |       |       |       |     4 |     2 |       ||     6
       Petrifying        |       |       |       |       |     1 |       ||     1
       Invisible         |       |       |       |       |     3 |       ||     3
       Confused          |       |       |       |       |       |     3 ||     3
  Eat: Chunk             |       |     5 |     5 |    12 |    44 |    11 ||    77
       Ration            |       |       |     5 |     4 |     2 |     7 ||    18
Armor: Animal skin       |    17 |     5 |       |       |       |       ||    22
       Chain mail        |       |    36 |   181 |    81 |       |       ||   298
       Plate armour      |       |       |       |   551 |  1086 |   769 ||  2406
Dodge: Dodged            |    45 |    44 |   102 |   324 |   394 |   355 ||  1264
Block: Buckler           |       |     8 |    38 |   182 |   127 |       ||   355
       Shield            |       |       |       |       |   551 |   729 ||  1280
